 Dungeon Crawl Stone Soup version 0.29-a0-284-gf9362112df (webtiles) character file.

Game seed: 17260326660730884961

15340 Dabor the Geomancer (level 11, -5/88 HPs)
             Began as a Demigod Earth Elementalist on Mar 15, 2022.
             Slain by an unseen horror (8 damage)
             ... on level 12 of the Dungeon.
             The game lasted 00:37:42 (13836 turns).

Dabor the Geomancer (Demigod Earth Elementalist)   Turns: 13836, Time: 00:37:43

Health: -5/88      AC:  7    Str:  9    XL:     11   Next: 68%
Magic:  8/25       EV: 17    Int: 35    God:
Gold:   593        SH:  0    Dex: 11    Spells: 14/24 levels left

rFire   . . .      SeeInvis .   d - staff of earth
rCold   . . .      Faith    .   (no shield)
rNeg    + . .      Spirit   .   p - +0 leather armour of the Dropbear {+Inv}
rPois   .          Reflect  .   C - +1 hat
rElec   .          Harm     .   e - +1 cloak of the Blue God {rN+ Dex-3 Stlth+}
rCorr   .          Rampage  .   (no gloves)
Will    +....                   (no boots)
Stlth   +++.......              k - amulet of regeneration
HPRegen 1.04/turn               o - +6 ring of intelligence
MPRegen 0.19/turn               G - +4 ring of evasion

@: about to teleport
A: high MP 1, forlorn, divine attributes
a: Evoke Invisibility


You were on level 12 of the Dungeon.
You visited 1 branch of the dungeon, and saw 12 of its levels.
You also visited: Gauntlet.

You collected 849 gold pieces.
You spent 256 gold pieces at shops.

Inventory:

Hand Weapons
 K - the +7 flail of Kamas {speed, rF++ Will- Stlth+}
   (You found it on level 11 of the Dungeon)

   Attacks with this weapon are significantly faster.
   rF:        It greatly protects you from fire.
   Will:      It decreases your willpower.
   Stlth:     It makes you more stealthy.
Missiles
 a - 194 stones
 F - a throwing net
Armour
 e - the +1 cloak of the Blue God (worn) {rN+ Dex-3 Stlth+}
   (You found it in a Gauntlet)

   Dex:       It affects your dexterity (-3).
   rN:        It protects you from negative energy.
   Stlth:     It makes you more stealthy.
 p - the +0 leather armour of the Dropbear (worn) {+Inv}
   (You found it on level 2 of the Dungeon)

   +Inv:      It lets you turn invisible.
 y - a +0 robe of fire resistance
 A - a +1 cloak
 B - a +3 chain mail of cold resistance
 C - a +1 hat (worn)
Magical Staves
 d - a staff of earth (weapon)
Jewellery
 b - an amulet of magic regeneration
 k - an amulet of regeneration (around neck)
 o - a +6 ring of intelligence (left hand)
 r - a ring of protection from cold
 s - a +4 ring of protection
 t - a +6 ring of dexterity
 G - a +4 ring of evasion (right hand)
 I - a ring of magical power
Wands
 f - a wand of digging (3)
 q - a wand of flame (40)
 E - a wand of paralysis (3)
Scrolls
 h - 3 scrolls of enchant weapon
 i - 2 scrolls of teleportation
 l - 5 scrolls of enchant armour
 v - 2 scrolls of identify
 z - 3 scrolls of amnesia
 D - a scroll of vulnerability
 L - a scroll of magic mapping
Potions
 c - 2 potions of magic
 g - a potion of might
 m - 2 potions of flight
 n - a potion of resistance
 w - 3 potions of brilliance {unknown}
 x - 3 potions of mutation {unknown}
 H - 3 potions of degeneration {unknown}
Miscellaneous
 u - a piece from Xom's chessboard (15/15)
 J - a lightning rod (4/4)


   Skills:
 + Level 5.5 Fighting
 * Level 6.5 Armour
 + Level 6.0 Dodging
 - Level 1.9 Stealth
 * Level 7.1 Spellcasting
 * Level 7.3 Conjurations
 - Level 4.0 Transmutations
 * Level 8.2 Earth Magic
 + Level 5.3 Evocations


You had 14 spell levels left.
You knew the following spells:

 Your Spells              Type           Power      Damage    Failure   Level
a - Sandblast             Erth           100%       2d20      1%          1
b - Stone Arrow           Conj/Erth      100%       3d13      1%          3
c - Petrify               Tmut/Erth      70%        N/A       3%          4
d - Passwall              Tmut/Erth      58%        N/A       1%          2

Your spell library contained the following spells:

 Spells                   Type           Power      Damage    Failure   Level
 Beastly Appendage        Tmut           80%        N/A       1%          1
 Shock                    Conj/Air       100%       1d9       1%          1
 Sting                    Tmut/Pois      100%       1d8       1%          1
 Static Discharge         Conj/Air       38%        N/A       1%          2
 Wereblood                Tmut           40%        N/A       1%          2
 Spider Form              Tmut/Pois      26%        N/A       6%          3
 Blink                    Tloc           24%        N/A       7%          2
 Poisonous Vapours        Pois/Air       24%        N/A       7%          2
 Scorch                   Fire           24%        2d6       7%          2
 Animate Armour           Summ/Erth      100%       N/A       9%          4
 Flame Wave               Conj/Fire      38%        2d9       10%         4
 Sticky Flame             Conj/Fire      38%        2d6       10%         4
 Confusing Touch          Hex            12%        N/A       13%         3
 Gell's Gravitas          Tloc           12%        N/A       13%         3
 Ozocubu's Armour         Ice            12%        N/A       13%         3
 Swiftness                Air            12%        N/A       13%         3
 Teleport Other           Tloc           12%        N/A       13%         3
 Blade Hands              Tmut           20%        N/A       24%         5
 Lightning Bolt           Conj/Air       19%        1d33      26%         5
 Iron Shot                Conj/Erth      39%        9d8       26%         6
 Airstrike                Air            6%         N/A       41%         4
 Dispel Undead            Necr           12%        3d9       41%         4
 Olgreb's Toxic Radiance  Pois           12%        N/A       41%         4
 Summon Lightning Spire   Summ/Air       12%        N/A       41%         4
 Yara's Violent Unravell  Hex/Tmut       13%        3d7       47%         5
 Statue Form              Tmut/Erth      46%        N/A       50%         6
 Manifold Assault         Tloc           12%        N/A       77%         5
 Metabolic Englaciation   Hex/Ice        6%         N/A       77%         5
 Summon Forest            Summ/Tloc      6%         N/A       77%         5
 Dispersal                Tloc           6%         N/A       100%        6
 Simulacrum               Ice/Necr       6%         N/A       100%        6
 Summon Cactus Giant      Summ           6%         N/A       100%        6
 Enfeeble                 Hex            6%         N/A       100%        7
 Storm Form               Tmut/Air       13%        N/A       100%        7


Dungeon Overview and Level Annotations

Branches:
Dungeon (12/15)            Temple (0/1) D:4            Lair (0/6) D:11
Gauntlet (visited)
    Orc: D:9-12

Shops:
D:2 *   D:5 *[   D:8 =


Innate Abilities, Weirdness & Mutations

You have an increased reservoir of magic. (+10% MP)
You shall have no god before yourself.
Your divine heritage dramatically boosts your attributes as you level up.


Message History

Something hits you but does no damage. Something hits you.
Aiming: Throw Flame
Press: ? - help, Shift-Dir - straight line The puff of flame hits something.
Something closely misses you. Something hits you.
Aiming: Stone Arrow (safe; 1% risk of failure)
Press: ? - help, Q - select action, (/) - cycle Shift-Dir - straight line You feel a surge of power!
Something hits you!
Aiming: Stone Arrow (safe; 1% risk of failure)
Press: ? - help, Q - select action, (/) - cycle Shift-Dir - straight line You feel a surge of power!
Something hits you. x2; Something barely misses you.
Something hits you but does no damage. Something hits you.
Something hits you but does no damage. Something hits you!
* * * LOW HITPOINT WARNING * * *
Something hits you but does no damage. Something completely misses you.
Something closely misses you. Something hits you!
* * * LOW HITPOINT WARNING * * *
Something barely misses you.
Something hits you but does no damage. x2; Something hits you.
* * * LOW HITPOINT WARNING * * *
Something hits you!
* * * LOW HITPOINT WARNING * * *
Something hits you.
* * * LOW HITPOINT WARNING * * *
Okay, then.
You feel better. Something closely misses you.
You feel better. Something hits you.
* * * LOW HITPOINT WARNING * * *
As you read the scroll of teleportation, it crumbles to dust.
You feel strangely unstable. Something hits you.
* * * LOW HITPOINT WARNING * * *
Something hits you.
* * * LOW HITPOINT WARNING * * *
Something barely misses you. Something hits you!
You die...

...####.[# #.............#
... #..######......)..)...#
.. #.................[...# .
.####.....................#
.................#######..#
.................# #..#
..###....######...# #..# .
#....# #...# #..# #....#
#@..#######..# .. #....#
#............#
..###....######............#
...........................#
.............<.............#
...........................#
........######.............#
........# #.............#
........# #.............#


There were no monsters in sight!

Vanquished Creatures
  A minotaur (Gauntlet)
  Josephine (D:10)
  A hydra (D:11)
  A ghost crab (Gauntlet)
  A two-headed ogre (D:10)
  Urug (D:11)
  A sixfirhy (Gauntlet)
  A deep elf zephyrmancer (D:8)
  A cyclops (D:10)
  Maurice (D:8)
  2 gargoyles
  A kobold demonologist (D:12)
  3 unseen horrors
  A troll (D:11)
  2 hornets
  3 shadows
  4 yaks
  9 wraiths
  3 wyverns
  A steam dragon (D:8)
  Edmund (D:6)
  The ghost of mfcas the Digger, an amateur OpEE of Vehumet (D:3)
  Duvessa (D:4)
  2 water moccasins (D:8)
  2 acid dragons
  2 black bears
  2 orc warriors
  2 ice beasts (D:5)
  3 sky beasts
  3 ogres
  6 centaurs
  4 kobold brigands
  A gnoll sergeant (D:11)
  5 bullfrogs
  A scorpion (D:12)
  7 wights (D:7)
  Dowan (D:4)
  13 killer bees
  4 howler monkeys
  5 hounds
  A jelly (D:6)
  An orc priest (D:10)
  A gnoll shaman (D:7)
  2 iguanas
  An orc wizard (D:8)
  19 gnolls
  7 adders
  2 white imps
  2 ufetubi (Gauntlet)
  A worm (D:4)
  3 dart slugs (D:1)
  3 orcs
  4 endoplasms
  4 giant cockroaches
  5 goblins
  7 hobgoblins
  A jackal (D:3)
  21 kobolds
  3 ball pythons
  8 bats
  6 frilled lizards
  4 rats
211 creatures vanquished.

Vanquished Creatures (others)
  A demonic plant (Gauntlet)
  7 fungi (D:11)
  7 plants (D:11)
15 creatures vanquished.

Grand Total: 226 creatures vanquished

Notes
Turn   | Place    | Note
-------+----------+-------------------------------------------
     0 | D:1      | Dabor the Demigod Earth Elementalist began the quest for
                  | the Orb.
     0 | D:1      | Reached XP level 1. HP: 14/14 MP: 5/5
    57 | D:1      | Reached skill level 1 in Transmutations
   170 | D:1      | Reached XP level 2. HP: 20/20 MP: 2/7
   962 | D:2      | Found Yneejaa's Assorted Antiques.
   971 | D:2      | Reached skill level 3 in Earth Magic
   975 | D:2      | Bought a scroll labelled JUTAWO NYQE for 21 gold pieces
   975 | D:2      | Bought a scroll labelled JUTAWO NYQE for 21 gold pieces
   975 | D:2      | Bought a scroll labelled KIOHU GOEJ BUTOSU for 21 gold
                  | pieces
   975 | D:2      | Bought a scroll labelled CEPHAFFYOC for 21 gold pieces
  1072 | D:2      | Reached XP level 3. HP: 26/26 MP: 8/8
  1198 | D:2      | Identified the +0 leather armour of the Dropbear {+Inv}
  1532 | D:3      | Found a transporter.
  1535 | D:3      | Found a transporter.
  1535 | D:3      | Noticed mfcas's ghost (amateur OpEE)
  1947 | D:3      | Got the Handbook of Changing and Displacement
  2367 | D:4      | Noticed Dowan
  2382 | D:4      | Noticed Duvessa
  2413 | D:3      | Killed mfcas's ghost
  2414 | D:3      | Reached skill level 1 in Fighting
  2414 | D:3      | Reached skill level 1 in Conjurations
  2414 | D:3      | Reached skill level 1 in Evocations
  2414 | D:3      | Reached XP level 4. HP: 34/35 MP: 4/10
  2414 | D:3      | Reached XP level 5. HP: 39/40 MP: 4/12
  2736 | D:4      | Learned a level 3 spell: Stone Arrow
  3076 | D:4      | Killed Duvessa
  3077 | D:4      | Reached XP level 6. HP: 47/47 MP: 6/13
  3081 | D:4      | Killed Dowan
  3148 | D:4      | Reached skill level 4 in Earth Magic
  3533 | D:4      | Found a staircase to the Ecumenical Temple.
  3832 | D:5      | Entered Level 5 of the Dungeon
  3904 | D:5      | Reached XP level 7. HP: 55/55 MP: 11/15
  4020 | D:5      | Found Norhibamn's Assorted Antiques.
  4489 | D:5      | Reached XP level 8. HP: 62/62 MP: 10/17
  4548 | D:5      | Found Qimpatz's Antique Armour Boutique.
  4553 | D:5      | Bought a runed cloak for 172 gold pieces
  4956 | D:6      | Reached skill level 5 in Earth Magic
  5614 | D:6      | Noticed Edmund
  5619 | D:6      | Killed Edmund
  6168 | D:7      | Learned a level 4 spell: Petrify
  6202 | D:7      | Reached skill level 1 in Armour
  6495 | D:7      | Noticed a hornet
  6499 | D:7      | Killed a hornet
  6649 | D:7      | Reached XP level 9. HP: 70/70 MP: 6/19
  7211 | D:8      | Reached skill level 5 in Spellcasting
  7336 | D:8      | Found Vyomont's Jewellery Boutique.
  7902 | D:8      | Reached skill level 6 in Earth Magic
  8002 | D:8      | Noticed Maurice
  8015 | D:8      | Killed Maurice
  8016 | D:8      | Reached skill level 5 in Conjurations
  8022 | D:8      | Noticed a deep elf zephyrmancer
  8025 | D:8      | Killed a deep elf zephyrmancer
  8724 | D:9      | Reached XP level 10. HP: 76/80 MP: 12/22
  9459 | D:10     | Entered Level 10 of the Dungeon
  9504 | D:10     | Learned a level 2 spell: Passwall
  9730 | D:10     | Reached skill level 5 in Dodging
  9997 | D:10     | Noticed a cyclops
 10000 | D:10     | Killed a cyclops
 10132 | D:10     | Noticed a two-headed ogre
 10136 | D:10     | Killed a two-headed ogre
 10219 | D:10     | Reached skill level 5 in Armour
 11002 | D:11     | Noticed Josephine
 11017 | D:11     | Reached skill level 7 in Earth Magic
 11104 | D:11     | Noticed a seven-headed hydra
 11234 | D:11     | Killed a seven-headed hydra
 11256 | D:11     | Identified the +7 flail of Kamas {speed, rF++ Will- Stlth+}
 11442 | D:12     | Found a gate leading to a gauntlet.
 11495 | Gauntlet | Entered a Gauntlet
 11495 | Gauntlet | Found a transporter.
 11495 | Gauntlet | Found a transporter.
 11708 | Gauntlet | Found a transporter.
 11708 | Gauntlet | Found a transporter.
 11712 | Gauntlet | Found a transporter.
 11712 | Gauntlet | Found a transporter.
 11714 | Gauntlet | Noticed a sixfirhy
 11743 | Gauntlet | Identified the +1 cloak of the Blue God {rN+ Dex-3 Stlth+}
 11748 | Gauntlet | Reached skill level 5 in Fighting
 11748 | Gauntlet | Reached XP level 11. HP: 86/86 MP: 20/24
 11812 | Gauntlet | Found a runed translucent door.
 11812 | Gauntlet | Found a runed translucent door.
 11818 | Gauntlet | Found a transporter.
 11818 | Gauntlet | Found a transporter.
 11822 | Gauntlet | Found a transporter.
 11822 | Gauntlet | Found a transporter.
 11995 | Gauntlet | Killed a sixfirhy
 12015 | Gauntlet | Noticed a ghost crab
 12020 | Gauntlet | Found a transporter.
 12020 | Gauntlet | Found a transporter.
 12041 | Gauntlet | Killed a ghost crab
 12044 | Gauntlet | Identified the +2 scimitar of Subterfuge {drain, rN+}
 12085 | Gauntlet | Noticed a minotaur
 12108 | Gauntlet | Killed a minotaur
 12309 | D:12     | Reached skill level 5 in Evocations
 12481 | D:11     | Noticed Urug
 12486 | D:11     | Killed Urug
 12567 | D:10     | Killed Josephine
 12786 | D:11     | Reached skill level 8 in Earth Magic
 13241 | D:11     | Found a staircase to the Lair.
 13832 | D:12     | HP: 3/88 [something (5)]
 13836 | D:12     | Slain by an unseen horror

Illustrated notes

Levels and vault maps discovered:
D:1:      lemuel_arrival_tunnels, layout_rooms, ebering_ecumenical_altar_rust,
          minmay_domino_4
D:2:      layout_loops_ring, serial_shops, nicolae_shop_overgrown_old_shop,
          basic_altar, minmay_misc_feat_secret_circle
D:3:      layout_loops_corners, amcnicky_altar_gilded, gammafunk_ghost_arena,
          nrook_loot_triangle, minmay_misc_feat_doors,
          chequers_serial_rivers_marsh, minmay_unequal
D:4:      layout_gridville, mainiacjoe_overflow_surrounded_room, temple_hall,
          uniq_duvessa
D:5:      layout_basic, serial_shops, shop,
          nicolae_shop_temple_entry_statues_fountains
D:6:      layout_cave_pods, uniq_edmund
D:7:      layout_basic, mainiacjoe_overflow_alcove_4,
          nicolae_concentric_dashed_squares_wild
D:8:      layout_loops_corners, nicolae_ru_great_annihilating_truth,
          mainiacjoe_overflow_concentric_impassable,
          mainiacjoe_overflow_alcove_2, serial_shops, nicolae_shop_waterfront,
          guppyfry_early_elven_hall, uniq_maurice
D:9:      layout_long_grid
D:10:     layout_basic, nicolae_uskayaw_suspiria, dreamdust_princess_corridor
D:11:     layout_cross, grunt_lair_entry_orc_guard_hut, uniq_urug,
          uniq_josephine
D:12:     layout_small_grid, orc_0_dummy, gauntlet_entry_generic

Skill      XL: |  1  2  3  4  5  6  7  8  9 10 11 |
---------------+----------------------------------+-----
Transmutations | 1 2 3 4 |  4.0
Spellcasting   | 2 3 4 5 6 7 |  7.1
Dodging        | 2 3 4 5 6 |  6.0
Earth Magic    | 3 4 5 6 7 8 |  8.2
Fighting       | 1 2 3 4 5 |  5.5
Conjurations   | 1 2 3 4 5 6 7 |  7.3
Evocations     | 1 2 3 4 5 |  5.3
Armour         | 2 4 5 6 |  6.5
Stealth        | |  1.9

Action                   |  1- 3 |  4- 6 |  7- 9 | 10-12 || total
-------------------------+-------+-------+-------+-------++-------
Melee: Staff             |    13 |    14 |    23 |    25 ||    75
 Cast: Sandblast         |    49 |    63 |    26 |    41 ||   179
       Stone Arrow       |       |       |    94 |   170 ||   264
Evoke: Wand              |       |       |     9 |     6 ||    15
  Use: Scroll            |     4 |     5 |     3 |    10 ||    22
       Potion            |       |     1 |     1 |     9 ||    11
 Stab: Sleeping          |       |       |     1 |       ||     1
Armor: Robe              |     5 |       |       |       ||     5
       Leather armour    |       |     4 |    16 |    38 ||    58
Dodge: Dodged            |    27 |    23 |    45 |   196 ||   291

Table legend: (Time is in decaauts)
 A = Elapsed time spent in this place.
 B = Non-inter-level travel time spent in this place.
 C = Inter-level travel time spent in this place.
 D = Time resting spent in this place.
 E = Time spent auto-exploring this place.
 F = Levels seen in this place.
 G = Mean time per level.
                   A        B        C        D        E       F      G
               +--------+--------+--------+--------+--------+-----+--------+
         Total |  13878 |  13352 |    526 |   1958 |   9116 |  13 | 1067.5 |
       Dungeon |  13088 |  12562 |    526 |   1536 |   8961 |  12 | 1090.7 |
      Gauntlet |    790 |    790 |      0 |    421 |    155 |   1 |  790.0 |
               +--------+--------+--------+--------+--------+-----+--------+

Top non-repeatable levels by time:
    D:10: 1830 daAuts
     D:4: 1363 daAuts
     D:8: 1256 daAuts
     D:6: 1252 daAuts
     D:9: 1184 daAuts
    D:11: 1115 daAuts
     D:3: 1090 daAuts
     D:5: 1040 daAuts
     D:7: 900 daAuts
Gauntlet: 790 daAuts
     D:1: 756 daAuts
    D:12: 669 daAuts
     D:2: 626 daAuts
